AoeStats
← unavezmasak

Arabia

510205730Analyzed
1v1 RM · 2d ago on Sep 29, 2026· 28m 47s· 2 players
Game mode
Random Map
Map size
Tiny (2 player)
Population
200
Speed
Normal
Resources
Standard
Victory
Conquest
Starting age
Dark Age
Ending age
Imperial Age
RankedLock teamsTeams togetherTeam positionsShared explorationLock speedFull tech treeHidden civsTurbo modeCheats
Victory
Defeat
🇦🇷 Celts · Argentina
814
+18
🇦🇺 Georgians · Australia
866
-18
unavezmasak
10:02 Feudal Age
10:32 Double-Bit Axe
21:53 Castle Age
20:54 Gold Mining
20:46 Horse Collar
22:57 Bow Saw
22:24 Pikeman
23:20 Forging
23:11 Scale Mail Armor
23:42 Heavy Plow
gerp
8:48 Feudal Age
10:11 Double-Bit Axe
11:51 Loom
15:14 Horse Collar
16:30 Scale Barding Armor
21:13 Castle Age
21:31 Bloodlines
21:42 Gold Mining
21:49 Fletching
25:21 Bodkin Arrow
27:39 Padded Archer Armor
Connection lost

Rejoining the realm…

Still unreachable

The connection could not be restored.

Session expired

The server has moved on; the page needs a fresh start.